 Dungeon Crawl Stone Soup version 0.18-a0-211-gcfb53b4 (webtiles) character file.

298 HaroldButt the Digger (level 6, -5/41 HPs)
             Began as a Formicid Earth Elementalist on Nov 2, 2015.
             Slain by a wight
             ... wielding a +0 long sword of electrocution
              (19 damage)
             ... on level 4 of the Dungeon on Nov 24, 2015.
             The game lasted 00:19:54 (4415 turns).

HaroldButt the Digger (Formicid Earth Elementalist) Turns: 4415, Time: 00:19:54

Health: -5/41      AC:  3    Str: 13    XL:     6   Next: 63%
Magic:  8/11       EV: 12    Int: 16    God:
Gold:   145        SH:  0    Dex: 11    Spells: 3 memorised, 6 levels left

rFire  . . .     SeeInvis +     a - 141 stones
rCold  . . .     Clarity  .     b - +1 robe
rNeg   . . .     SustAt   .     (no shield)
rPois  .         Gourm    .     (helmet unavailable)
rElec  .         Spirit   .     (no cloak)
rCorr  .         Warding  .     (no gloves)
rMut   .         Stasis   +     (no boots)
MR     .....                    (no amulet)
Stlth  ++........               (no ring)
                                (no ring)

@: not resistant to hostile enchantments, unstealthy
A: permanent stasis, dig shafts and tunnels, four strong arms, antennae 3
a: Dig, Shaft Self


You were on level 4 of the Dungeon.
You were not hungry.

You visited 1 branch of the dungeon, and saw 4 of its levels.

You collected 145 gold pieces.

Inventory:

Hand Weapons
 n - a +2 dagger of holy wrath
Missiles
 a - 141 stones (in hand)
Armour
 b - a +1 robe (worn)
Jewellery
 l - a cursed ring of loudness {unknown}
Scrolls
 e - a scroll of identify
Potions
 f - a potion of heal wounds
 h - a potion of brilliance
 i - 2 potions of curing {unknown}
Books
 c - a book of Geomancy

   Spells                             Type                      Level
   a - Sandblast                      Earth                        1
   b - Stoneskin                      Transmutation/Earth          2
   c - Passwall                       Transmutation/Earth          3
   d - Stone Arrow                    Conjuration/Earth            3
   e - Petrify                        Transmutation/Earth          4
   f - Lee's Rapid Deconstruction     Earth                        5
 o - a book of Power

   Spells                             Type                      Level
   a - Fulminant Prism                Conjuration/Hexes            4
   b - Iskenderun's Mystic Blast      Conjuration                  4
   c - Venom Bolt                     Conjuration/Poison           5
   d - Bolt of Magma                  Conjuration/Fire/Earth       5
   e - Iron Shot                      Conjuration/Earth            6
   f - Orb of Destruction             Conjuration                  7
   g - Spellforged Servitor           Conjuration/Summoning        7
Comestibles
 d - 3 bread rations
 g - 4 meat rations
 j - 2 chunks of flesh


   Skills:
 - Level 1.7 Dodging
 - Level 2.4 Stealth
 + Level 3.5 Spellcasting
 * Level 2.9 Conjurations
 - Level 1.1 Transmutations
 * Level 6.2 Earth Magic


You had 6 spell levels left.
You knew the following spells:

 Your Spells              Type           Power        Failure   Level  Hunger
a - Sandblast             Erth           ###...       1%          1    None
b - Stoneskin             Trmt/Erth      ##......     8%          2    ##.....
c - Stone Arrow           Conj/Erth      ###...       12%         3    ###....


Dungeon Overview and Level Annotations

Branches:
Dungeon (4/15)
 Temple: D:4-7

Altars:
Cheibriados
Dithmenos
Elyvilon
Gozag
Kikubaaqudgha
Yredelemnul
Zin
The Shining One

Annotations:
D:2 Sigmund
D:4 DEFE's ghost, amateur SpFi


Innate Abilities, Weirdness & Mutations

You are under a permanent stasis effect.
You can dig through walls and to a lower floor.
Your four strong arms can wield two-handed weapons with a shield.
You have a pair of large antennae on your head (SInv).


Message History

a - 143 stones (in hand)
The wight hits you with a long sword of electrocution!
You are electrocuted!
Casting: Sandblast
Confirm with . or Enter, or press ? or * to list all spells.
Aiming: Sandblast
Press: ? - help, Shift-Dir - straight line, f/p - wight
Aim: a wight, wielding a long sword of electrocution and wearing a robe The rocky blast hits the wight.
The wight is moderately damaged.
Casting: Sandblast
Confirm with . or Enter, or press ? or * to list all spells.
Aiming: Sandblast
Press: ? - help, Shift-Dir - straight line, f/p - wight
Aim: a wight, wielding a long sword of electrocution and wearing a robe (moderately damaged)
The rocky blast hits the wight.
The wight is moderately damaged.
The wight hits you with a long sword of electrocution.
You are electrocuted!
You die...

### ...........# #.# #.8. .W.
######.##.# #.# ###... #.#
#.##.###.###..... #.#
#.##.##...##.#... #.#
#.##.##..<...#.8. #<#
#.##.##...#####.. .......#
#.##.############
####......z.#####.##^............
########z..zz@.###############
#########


You could see 4 wights.

Vanquished Creatures
  The ghost of hexophile the Chopper, an amateur FoGl (D:3)
  An orc priest (D:3)
  Ijyb (D:1)
  Robin (D:2)
  8 adders
  A worm (D:2)
  2 giant geckos (D:3)
  5 orcs (D:3)
  10 hobgoblins
  4 kobolds
  8 bats
  4 giant cockroaches
  5 giant newts
  19 goblins
  7 rats
77 creatures vanquished.

Notes
Turn   | Place    | Note
--------------------------------------------------------------
     0 | D:1      | HaroldButt the Formicid Earth Elementalist began the quest for the Orb.
     0 | D:1      | Reached XP level 1. HP: 13/13 MP: 3/3
    93 | D:1      | Reached skill level 4 in Earth Magic
   143 | D:1      | Reached XP level 2. HP: 19/19 MP: 1/5
   147 | D:1      | Learned a level 2 spell: Stoneskin
   853 | D:1      | Reached XP level 3. HP: 22/24 MP: 6/6
   858 | D:1      | Learned a level 3 spell: Stone Arrow
  1305 | D:2      | Noticed Ijyb
  1568 | D:1      | Killed Ijyb
  1568 | D:1      | Reached skill level 1 in Conjurations
  1568 | D:1      | Reached skill level 5 in Earth Magic
  1568 | D:1      | Reached XP level 4. HP: 11/30 MP: 0/7
  1675 | D:2      | Upgraded the game from 0.18-a0-23-g19353e1 to 0.18-a0-33-g9e10395
  1698 | D:2      | Upgraded the game from 0.18-a0-33-g9e10395 to 0.18-a0-211-gcfb53b4
  1872 | D:2      | Noticed Sigmund
  2072 | D:2      | Noticed Robin
  2079 | D:2      | Reached XP level 5. HP: 35/35 MP: 5/9
  2353 | D:2      | Killed Robin
  2997 | D:3      | Found a snail-covered altar of Cheibriados.
  3063 | D:3      | Noticed hexophile's ghost (amateur FoGl)
  3110 | D:4      | Noticed DEFE's ghost (amateur SpFi)
  3358 | D:3      | Reached XP level 6. HP: 10/41 MP: 0/10
  3631 | D:3      | Found a glowing golden altar of the Shining One.
  3632 | D:3      | Found a white marble altar of Elyvilon.
  3635 | D:3      | Found a glowing silver altar of Zin.
  3901 | D:3      | Killed hexophile's ghost
  3901 | D:3      | Reached skill level 6 in Earth Magic
  4322 | D:3      | Found a shadowy altar of Dithmenos.
  4324 | D:3      | Found an opulent altar of Gozag.
  4347 | D:3      | Found a basalt altar of Yredelemnul.
  4349 | D:3      | Found an ancient bone altar of Kikubaaqudgha.
  4376 | D:4      | Found an opulent altar of Gozag.
  4415 | D:4      | Slain by a wight

Vault maps used:
D:1:      dpeg_arrival_subterranean_lakeside_camping, minivault_4
D:2:      uniq_iyjb, uniq_sigmund, uniq_robin
D:3:      good_gods_temple_1, nicolae_overflow_hidden_temple,
          lemuel_crystal_altar, first_bread
D:4:      grunt_gozag_statues

Action                   |  1- 3 |  4- 6 || total
-------------------------+-------+-------++-------
Melee: Dagger            |   114 |    67 ||   181
 Cast: Sandblast         |    59 |   104 ||   163
       Stone Arrow       |       |     7 ||     7
       Stoneskin         |       |     1 ||     1
  Use: Scroll            |     2 |     2 ||     4
 Stab: Sleeping          |     4 |     5 ||     9
  Eat: Beef jerky        |     1 |     1 ||     2
       Chunk             |       |    10 ||    10
